 Dungeon Crawl Stone Soup version 0.29.0-4-gdea44cf6ec (webtiles) character file.

Game seed: 15705471755783289723

63 qw the Ruffian (level 4, 0/35 HPs)
             Began as a Ghoul Fire Elementalist on Aug 30, 2022.
             Slain by a gnoll
             ... wielding a +0 spear
              (3 damage)
             ... on level 3 of the Dungeon.
             The game lasted 00:01:37 (2244 turns).

qw the Ruffian (Ghoul Fire Elementalist)            Turns: 2244, Time: 00:01:37

Health: 0/35       AC:  9    Str: 13    XL:     4   Next: 9%
Magic:  5/5        EV:  6    Int: 10    God:
Gold:   128        SH:  0    Dex:  9    Spells: 5/6 levels left

rFire   . . .      SeeInvis .     - Unarmed
rCold   + . .      Faith    .   (no shield)
rNeg    + + +      Spirit   .   i - +0 chain mail
rPois   inf        Reflect  .   h - +0 helmet
rElec   .          Harm     .   (no cloak)
rCorr   .          Rampage  .   (no gloves)
Will    .....                   (no boots)
Stlth   ..........              (no amulet)
HPRegen 0.00/turn               (no ring)
MPRegen 0.09/turn               (no ring)

@: about to teleport, inhibited regen
A: claws 1, cold resistance 1, negative energy resistance 3, inhibited
regeneration, torment resistance 2, devour on kill
a: no special abilities


You were on level 3 of the Dungeon.
You visited 1 branch of the dungeon, and saw 3 of its levels.

You collected 128 gold pieces.


Innate Abilities, Weirdness & Mutations

You are immune to poison.
You have sharp fingernails.
Your flesh is cold resistant. (rC+)
You are immune to negative energy. (rN+++)
You do not regenerate when monsters are visible.
You are immune to unholy pain and torment.
You thrive by killing the living.


   Skills:
 - Level 1.0 Fighting
 - Level 1.0 Armour
 - Level 1.7 Dodging
 - Level 2.1 Stealth
 + Level 3.3 Unarmed Combat
 - Level 1.7 Spellcasting
 - Level 0.7 Conjurations
 - Level 2.4 Fire Magic


You had 5 spell levels left.
You knew the following spells:

 Your Spells              Type           Power      Damage    Failure   Level
a - Foxfire               Conj/Fire      16%        2x1d4     99%         1

Your spell library contained the following spells:

 Spells                   Type           Power      Damage    Failure   Level
 Scorch                   Fire           10%        2d5       99%         2
 Conjure Flame            Conj/Fire      4%         6-21      100%        3
 Inner Flame              Hex/Fire       3%         N/A       100%        3
 Flame Wave               Conj/Fire      4%         2d5       100%        4

Inventory:

Armour
 h - a +0 helmet (worn)
 i - a +0 chain mail (worn)
Potions
 c - 2 potions of mutation
 d - a potion of brilliance {unknown}
 e - a potion of haste
 f - a potion of curing
 k - a potion of invisibility {unknown}

Dungeon Overview and Level Annotations

Branches:
Dungeon (3/15)

Altars:


Message History

You now have 128 gold pieces (gained 12).
There is a stone staircase leading down here.
A gnoll comes into view. It is wielding a +0 spear.
Found a ring mail.
The gnoll shouts!
You hear a shout!
A gnoll comes into view. It is wielding a +0 spear.
The gnoll hits you but does no damage.
A gnoll comes into view. It is wielding a +0 whip.
You scratch the gnoll.
The gnoll is moderately wounded.
The gnoll hits you from afar with a +0 spear.
The gnoll hits you with a +0 spear.
You closely miss the gnoll.
The gnoll is moderately wounded.
The gnoll barely misses you. The gnoll hits you but does no damage.
You closely miss the gnoll.
The gnoll is moderately wounded.
The gnoll hits you from afar with a +0 spear.
The gnoll hits you with a +0 spear.
You scratch the gnoll.
The gnoll is severely wounded.
The gnoll hits you but does no damage. x2
You scratch the gnoll.
You kill the gnoll!
You feel better.
The gnoll hits you from afar with a +0 spear.
You feel your strength returning.
You have reached level 4!
The gnoll hits you but does no damage.
Things that are here:
a +0 spear; a gnoll corpse You barely miss the gnoll.
The gnoll hits you with a +0 spear.
You barely miss the gnoll. The gnoll hits you with a +0 spear.
2244 ||| READING scroll of teleportation.
As you read the scroll of teleportation, it crumbles to dust.
You feel strangely unstable. The gnoll hits you with a +0 spear.
You die...

#.#..##.# #.# #.
#.#..##.#####.####.
..#..##............
###..########.#####
#..##............
#..#.....##.##### #
#..#>....##.#
###..###..#.....##.#
#....gg@.!#.....##.#####
#.##..###.#.....##......
#.. #.#.....##...... #.
#.#.....##...... #
#.#.....##......
#.##.#..........
.##.#.#.##.....
#.#.#.##.....
#.#.##.....


You could see 2 gnolls.

Vanquished Creatures
  A gnoll (D:3)
  An adder (D:2)
  6 endoplasms
  2 giant cockroaches
  3 goblins
  4 hobgoblins
  2 jackals (D:1)
  4 quokkas
  4 ball pythons
  6 bats
  2 frilled lizards (D:2)
  4 kobolds
  A rat (D:2)
40 creatures vanquished.

Notes
Turn   | Place    | Note
-------+----------+-------------------------------------------
     0 | D:1      | qw the Ghoul Fire Elementalist began the quest for the Orb.
     0 | D:1      | Reached XP level 1. HP: 14/14 MP: 2/2
     0 | D:1      | 0 ||| qw: Version: 0.1-a-90-g952f4b7
     0 | D:1      | 0 ||| qw: Game counter: 4337
     0 | D:1      | 0 ||| qw: Always use a shield: true
     0 | D:1      | 0 ||| qw: God list: Okawaru
     0 | D:1      | 0 ||| qw: Allow faded altars: false
     0 | D:1      | 0 ||| qw: Do Orc after D:15 true
     0 | D:1      | 0 ||| qw: Do second Lair branch before Depths: true
     0 | D:1      | 0 ||| qw: Lair rune preference: random
     0 | D:1      | 0 ||| qw: Plans: Normal
     0 | D:1      | 0 ||| PLANNING D:1-11
    44 | D:1      | 44 ||| Stepping ~*~*~tactically~*~*~ (stealth).
    49 | D:1      | Reached skill level 1 in Unarmed Combat
   243 | D:1      | Reached skill level 1 in Fighting
   243 | D:1      | Reached XP level 2. HP: 22/23 MP: 3/3
   478 | D:1      | Found a faded altar of an unknown god.
   694 | D:1      | 694 ||| Stepping ~*~*~tactically~*~*~ (stealth).
   703 | D:1      | 703 ||| Stepping ~*~*~tactically~*~*~ (stealth).
   706 | D:1      | 706 ||| Stepping ~*~*~tactically~*~*~ (stealth).
   707 | D:1      | 707 ||| Stepping ~*~*~tactically~*~*~ (stealth).
   730 | D:1      | 730 ||| Stepping ~*~*~tactically~*~*~ (stealth).
   746 | D:1      | Reached skill level 2 in Unarmed Combat
  1254 | D:1      | 1254 ||| UPGRADING to +0 helmet.
  1259 | D:1      | 1259 ||| UPGRADING to +0 chain mail.
  1269 | D:1      | 1269 ||| DROPPING +0 robe.
  1270 | D:1      | 1270 ||| READING scroll labelled FACISKORUL.
  1271 | D:1      | 1271 ||| READING scroll labelled BAXEIM ULA.
  1272 | D:1      | 1272 ||| READING scroll labelled ZEYSHR GOGI.
  1275 | D:1      | 1275 ||| DRINKING 3 silvery potions.
  1276 | D:1      | 1276 ||| DRINKING 2 lumpy grey potions.
  1277 | D:1      | 1277 ||| DROPPING potion of magic.
  1278 | D:1      | 1278 ||| DROPPING potion of lignification.
  1324 | D:2      | Reached XP level 3. HP: 24/28 MP: 4/4
  1466 | D:2      | 1466 ||| Stepping ~*~*~tactically~*~*~ (stealth).
  1475 | D:2      | 1475 ||| Stepping ~*~*~tactically~*~*~ (stealth).
  1598 | D:2      | Reached skill level 3 in Unarmed Combat
  2019 | D:2      | 2019 ||| READING scroll labelled NIATIO GOSY.
  2020 | D:2      | 2020 ||| READING scroll labelled UMANWOLOAL.
  2021 | D:2      | 2021 ||| DRINKING 2 puce potions.
  2022 | D:2      | 2022 ||| DRINKING 2 sapphire potions.
  2112 | D:3      | Reached skill level 1 in Armour
  2241 | D:3      | Reached XP level 4. HP: 13/35 MP: 5/5
  2243 | D:3      | HP: 3/35 [gnoll/+0 spear (6)]
  2244 | D:3      | 2244 ||| READING scroll of teleportation.
  2244 | D:3      | Slain by a gnoll

Levels and vault maps discovered:
D:1:      scummos_arrival_gate, layout_basic, basic_ecumenical_altar
D:2:      layout_loops_ring, wander_ebering_terrifying_dragon_lair
D:3:      layout_basic, mainiacjoe_overflow_big_doors, dk_vineyard_3,
          guppyfry_early_orc_mine, uniq_jessica

Skill      XL: |  1  2  3 |
---------------+----------+-----
Unarmed Combat | 1 2 3 |  3.3
Fighting       | 1 |  1.0
Armour         | 1 |  1.0
Dodging        | |  1.7
Stealth        | |  2.1
Spellcasting   | |  1.7
Conjurations   | |  0.7
Fire Magic     | |  2.4

Action                   |  1- 3 |  4- 6 || total
-------------------------+-------+-------++-------
Melee: Unarmed           |   120 |     2 ||   122
       Punch             |     3 |       ||     3
  Use: Scroll            |     5 |     1 ||     6
       Potion            |     4 |       ||     4
Armor: Robe              |     4 |       ||     4
       Chain mail        |    47 |     1 ||    48
Dodge: Dodged            |    43 |       ||    43

Table legend:
 A = Non-vault XP
 B = Vault XP
 C = Vault XP percentage of total XP
 D = Non-vault monster count
 E = Vault monster count
 F = Vault count percentage of total count
                 A         B        C        D         E       F
            +---------+---------+-------+---------+---------+-------
      Total |      89 |       1 |   1.1 |      39 |       1 |   2.5
            +---------+---------+-------+---------+---------+-------
        D:1 |      28 |       0 |   0.0 |      16 |       0 |   0.0
        D:2 |      40 |       1 |   2.4 |      18 |       1 |   5.3
        D:3 |      21 |       0 |   0.0 |       5 |       0 |   0.0
            +---------+---------+-------+---------+---------+-------
